Anaheim Ducks vs Philadelphia Flyers
(R1)
Created - Sunday, August 10, 2025 at 09:14
Goals
|
| Anaheim Ducks |
1 |
1 |
0 |
1 |
3 |
| Philadelphia Flyers |
0 |
0 |
2 |
0 |
2 |
|
Shots
|
| Anaheim Ducks |
17 |
7 |
9 |
1 |
34 |
| Philadelphia Flyers |
3 |
7 |
14 |
1 |
25 |
|
1st period
1. Anaheim Ducks , Nazem Kadri 5 (William Nylander 4, Philip Broberg 3) at 1:28
Penalties :
Nick Blankenburg (PHI) for Hooking (Minor) at 8:22, Brandon Duhaime (PHI) for Hooking (Minor) at 17:25
2nd period
2. Anaheim Ducks , Mason Marchment 2 (Mark Scheifele 5) at 19:25
Penalties :
Miles Wood (PHI) for Tripping (Minor) at 5:43, Nazem Kadri (ANA) for Tripping (Minor) at 14:00
3rd period
3. Philadelphia Flyers , Thomas Novak 1 (Nick Blankenburg 4) at 5:01 (PP)
4. Philadelphia Flyers , Luca Del Bel Belluz 2 (Joel Edmundson 2, Jack McBain 2) at 5:36
Penalties :
Jack McBain (PHI) for Interference (Minor) at 0:55, Will Cuylle (ANA) for High sticking (Minor) at 3:19, Miles Wood (PHI) for Tripping (Minor) at 10:15, Radek Faksa (PHI) for Interference (Minor) at 18:30, Casey Cizikas (PHI) for Roughing (Minor) at 19:37
Overtime #1
5. Anaheim Ducks , Joshua Morrissey 2 (William Nylander 5, John Tavares 5) at 0:46 (PP)
Penalties :
No Penalty
Goalie Stats
Linus Ullmark (ANA), 23 saves from 25 shots - (0.920), W, 2-3-0, 60:46 minutes
Jake Allen (PHI), 31 saves from 34 shots - (0.912), OTL, 1-2-1, 60:46 minutes
Players Stats for Anaheim Ducks
Player Name G A P +/- PIM S H SB GA TA FO MP PP MP PK MP
------------------------------------------------------------------------------------
Alex Killorn 0 0 0 0 0 2 4 2 0 0 0/0 13:04 0:34 0:43
Brayden Schenn 0 0 0 0 0 0 3 0 0 1 3/3 19:50 6:05 1:13
Brenden Dillon 0 0 0 1 0 0 2 0 0 0 0/0 13:42 0:18 1:34
Chandler Stephenson 0 0 0 0 0 6 2 2 1 0 2/7 13:13 0:00 2:26
Esa Lindell 0 0 0 1 0 1 1 2 0 2 0/0 24:37 4:47 2:07
Ivan Provorov 0 0 0 -1 0 1 2 1 0 0 0/0 23:12 5:03 2:07
J.T. Compher 0 0 0 0 0 0 0 0 0 0 1/2 10:29 0:49 2:33
John Tavares 0 1 1 1 0 2 1 0 0 1 3/4 19:51 5:00 0:06
Jonny Brodzinski 0 0 0 0 0 0 0 0 0 0 0/0 7:42 0:52 0:00
Joshua Morrissey 1 0 1 1 0 2 3 0 0 0 0/0 24:04 6:33 0:00
Mark Scheifele 0 1 1 0 0 5 2 1 0 0 12/23 18:41 6:04 0:00
Mason Marchment 1 0 1 0 0 3 2 0 0 0 0/0 18:34 6:05 0:00
Morgan Rielly 0 0 0 -1 0 3 1 2 0 1 0/0 22:11 7:07 0:00
Nazem Kadri 1 0 1 1 2 4 3 0 1 0 10/23 19:33 4:58 0:00
Parker Kelly 0 0 0 0 0 0 1 1 0 0 0/0 6:25 0:00 0:00
Philip Broberg 0 1 1 1 0 0 0 3 0 0 0/0 13:46 0:00 1:34
Will Cuylle 0 0 0 0 2 0 0 2 0 1 0/0 11:20 0:00 0:21
William Nylander 0 2 2 1 0 5 0 1 0 1 1/2 19:42 5:15 0:00
Players Stats for Philadelphia Flyers
Player Name G A P +/- PIM S H SB GA TA FO MP PP MP PK MP
------------------------------------------------------------------------------------
Brandon Duhaime 0 0 0 0 2 0 1 0 1 0 0/1 14:55 0:00 3:51
Casey Cizikas 0 0 0 1 2 1 4 0 0 0 2/2 13:16 0:00 0:25
Cody Glass 0 0 0 0 0 1 2 0 0 1 6/11 13:00 1:55 0:00
Colton Sissons 0 0 0 -1 0 1 2 0 1 0 5/12 18:54 1:43 6:25
J.J. Moser 0 0 0 0 0 0 0 2 0 0 0/0 14:19 0:00 0:00
Jack McBain 0 1 1 1 2 0 2 1 0 0 2/2 16:12 0:00 3:34
Jeff Skinner 0 0 0 0 0 6 1 0 1 0 1/2 13:01 1:55 0:23
Joel Edmundson 0 1 1 -1 0 2 2 1 1 0 0/0 22:29 1:19 6:08
Juuso Parssinen 0 0 0 -1 0 0 1 2 0 0 1/1 14:46 0:30 3:15
Louis Crevier 0 0 0 0 0 3 1 1 0 0 0/0 23:15 2:22 5:08
Luca Del Bel Belluz 1 0 1 1 0 2 2 0 1 0 5/10 14:24 1:46 0:00
Marcus Johansson 0 0 0 -1 0 0 2 1 0 0 0/0 11:58 1:28 0:00
Miles Wood 0 0 0 -1 4 4 1 0 0 0 0/1 11:06 0:18 0:18
Nick Blankenburg 0 1 1 -1 2 1 1 1 0 0 0/0 22:52 2:22 4:52
Radek Faksa 0 0 0 -1 2 2 1 1 0 1 10/22 15:31 0:00 5:03
Thomas Novak 1 0 1 -1 0 1 2 0 1 0 0/0 11:53 1:28 0:00
Will Borgen 0 0 0 0 0 1 2 1 1 0 0/0 21:14 0:00 5:46
Zac Jones 0 0 0 0 0 0 1 0 0 0 0/0 17:23 1:19 2:26
3 Stars
1 - Joshua Morrissey (ANA)
2 - William Nylander (ANA)
3 - Luca Del Bel Belluz (PHI)
Power Play
Anaheim Ducks - 1 on 7 Attempt(s) - 14.29%
Philadelphia Flyers - 1 on 2 Attempt(s) - 50.00%
Penalty Kill
Anaheim Ducks - 1 on 2 Attempt(s) - 50.00%
- Score 0 goal in Penalty Kill
Philadelphia Flyers - 6 on 7 Attempt(s) - 85.71%
- Score 0 goal in Penalty Kill
Team Stat
Anaheim Ducks - Hits : 27 - Faceoff Wins : 32 - Blocked Shots : 17 - Penalty Minutes : 4
Philadelphia Flyers - Hits : 28 - Faceoff Wins : 32 - Blocked Shots : 11 - Penalty Minutes : 14
Official
Referees : Jordan Samuels and Brandon Blandina
Linesman : Brandon Gawryletz and Caleb Apperson
Game Notes
No Game Note
Finance
Level 1 -- Attendance: 5717 (95.28%) -- Ticket Income $520,247
Level 2 -- Attendance: 4520 (90.40%) -- Ticket Income $235,040
Level 3 -- Attendance: 3000 (100.00%) -- Ticket Income $84,000
Level 4 -- Attendance: 4888 (97.76%) -- Ticket Income $87,984
Luxury Box -- Attendance: 952 (95.20%) -- Ticket Income $180,880
Game was played at the Wells Fargo Center.
Total Attendance: 19077 (95.39%)
Total Ticket Income: $1,108,151
Other Income: $387,853
Total Income: $1,496,004
Anaheim Ducks
5 vs 5 Forward
Center Left Wing Right Wing Time % Phy DF OF
1 Nazem Kadri John Tavares William Nylander 35 1 2 2
2 Mark Scheifele Mason Marchment Brayden Schenn 35 1 2 2
3 Chandler Stephenson Will Cuylle Alex Killorn 20 1 2 2
4 J.T. Compher Parker Kelly Jonny Brodzinski 10 1 2 2
5 vs 5 Defense
Defense Defense Time % Phy DF OF
1 Esa Lindell Joshua Morrissey 37 1 2 2
2 Ivan Provorov Morgan Rielly 35 1 2 2
3 Brenden Dillon Philip Broberg 28 1 2 2
4 Esa Lindell Ivan Provorov 0 1 2 2
PowerPlay Forward
Center Left Wing Right Wing Time % Phy DF OF
1 Mark Scheifele John Tavares William Nylander 50 1 1 3
2 Nazem Kadri Mason Marchment Brayden Schenn 50 1 1 3
PowerPlay Defense
Defense Defense Time % Phy DF OF
1 Morgan Rielly Joshua Morrissey 60 1 2 2
2 Ivan Provorov Esa Lindell 40 1 2 2
Penalty Kill 4 Players Forward
Center Wing Time % Phy DF OF
1 Chandler Stephenson J.T. Compher 60 1 3 1
2 Will Cuylle Alex Killorn 40 1 3 1
Penalty Kill 4 Players Defense
Defense Defense Time % Phy DF OF
1 Esa Lindell Ivan Provorov 60 1 4 0
2 Brenden Dillon Philip Broberg 40 1 4 0
Penalty Kill - 3 Players Forward
Forward Time % Phy DF OF
1 Chandler Stephenson 60 1 4 0
2 J.T. Compher 40 1 4 0
Penalty Kill - 3 Players Defense
Defense Defense Time % Phy DF OF
1 Esa Lindell Ivan Provorov 60 1 4 0
2 Brenden Dillon Philip Broberg 40 1 4 0
4 vs 4 Forward
Center Wing Time % Phy DF OF
1 John Tavares William Nylander 60 1 2 2
2 Mark Scheifele Nazem Kadri 40 1 2 2
4 vs 4 Defense
Defense Defense Time % Phy DF OF
1 Esa Lindell Joshua Morrissey 60 1 2 2
2 Brenden Dillon Ivan Provorov 40 1 2 2
Last Minutes Offensive
Center Left Wing Right Wing Defense Defense
Mark Scheifele John Tavares William Nylander Joshua Morrissey Alex Killorn
Last Minutes Defensive
Center Left Wing Right Wing Defense Defense
Chandler Stephenson Alex Killorn Brayden Schenn Ivan Provorov Esa Lindell
Goaltenders
Starting : Linus Ullmark
Backup : James Reimer
Extra Forwards
Normal : William Nylander, Mark Scheifele, Nazem Kadri - PP : William Nylander, Nazem Kadri - PK : Chandler Stephenson
Extra Defensemen
Normal : Esa Lindell, Ivan Provorov, Brenden Dillon - PP : Joshua Morrissey - PK : Esa Lindell, Ivan Provorov
Penalty Shots
Chandler Stephenson, Mark Scheifele, Brayden Schenn, Alex Killorn, William Nylander
Scratches
None
Philadelphia Flyers
5 vs 5 Forward
Center Left Wing Right Wing Time % Phy DF OF
1 Colton Sissons Thomas Novak Marcus Johansson 25 1 2 2
2 Cody Glass Jeff Skinner Brandon Duhaime 25 1 2 2
3 Luca Del Bel Belluz Jack McBain Casey Cizikas 25 1 2 2
4 Radek Faksa Juuso Parssinen Miles Wood 25 1 2 2
5 vs 5 Defense
Defense Defense Time % Phy DF OF
1 Joel Edmundson Nick Blankenburg 35 1 2 2
2 J.J. Moser Zac Jones 35 1 2 2
3 Will Borgen Louis Crevier 30 1 2 2
4 Joel Edmundson Nick Blankenburg 0 1 2 2
PowerPlay Forward
Center Left Wing Right Wing Time % Phy DF OF
1 Luca Del Bel Belluz Thomas Novak Marcus Johansson 50 1 2 2
2 Cody Glass Jeff Skinner Colton Sissons 50 1 2 2
PowerPlay Defense
Defense Defense Time % Phy DF OF
1 Zac Jones Joel Edmundson 50 1 2 2
2 Nick Blankenburg Louis Crevier 50 1 2 2
Penalty Kill 4 Players Forward
Center Wing Time % Phy DF OF
1 Colton Sissons Brandon Duhaime 50 1 2 2
2 Radek Faksa Jack McBain 50 1 2 2
Penalty Kill 4 Players Defense
Defense Defense Time % Phy DF OF
1 Louis Crevier Nick Blankenburg 50 1 2 2
2 Will Borgen Joel Edmundson 50 1 2 2
Penalty Kill - 3 Players Forward
Forward Time % Phy DF OF
1 Colton Sissons 50 1 2 2
2 Radek Faksa 50 1 2 2
Penalty Kill - 3 Players Defense
Defense Defense Time % Phy DF OF
1 Louis Crevier Nick Blankenburg 50 1 2 2
2 Will Borgen Joel Edmundson 50 1 2 2
4 vs 4 Forward
Center Wing Time % Phy DF OF
1 Colton Sissons Thomas Novak 50 1 2 2
2 Cody Glass Jeff Skinner 50 1 2 2
4 vs 4 Defense
Defense Defense Time % Phy DF OF
1 Joel Edmundson Nick Blankenburg 50 1 2 2
2 J.J. Moser Zac Jones 50 1 2 2
Last Minutes Offensive
Center Left Wing Right Wing Defense Defense
Luca Del Bel Belluz Thomas Novak Jeff Skinner Zac Jones Nick Blankenburg
Last Minutes Defensive
Center Left Wing Right Wing Defense Defense
Colton Sissons Brandon Duhaime Radek Faksa Louis Crevier Nick Blankenburg
Goaltenders
Starting : Jake Allen
Backup : Alexandar Georgiev
Extra Forwards
Normal : Colton Sissons, Cody Glass, Marcus Johansson - PP : Thomas Novak, Jeff Skinner - PK : Colton Sissons
Extra Defensemen
Normal : Joel Edmundson, J.J. Moser, Will Borgen - PP : Louis Crevier - PK : Zac Jones, Nick Blankenburg
Penalty Shots
Thomas Novak, Jeff Skinner, Marcus Johansson, Cody Glass, Radek Faksa
Scratches
Henri Jokiharju (Healthy), Josh Mahura (Healthy), Dylan Roobroeck (Healthy), Marcel Marcel (Healthy), Dylan Coghlan (Healthy)
% Time on Ice - Anaheim Ducks
Lines # - Real PCT - Wanted PCT - Time Play
Normal Forward
1 - 30% - 35% - 13:32
2 - 33% - 35% - 14:46
3 - 23% - 20% - 10:31
4 - 14% - 10% - 6:06
Normal Defense
1 - 39% - 37% - 17:33
2 - 31% - 35% - 14:06
3 - 27% - 28% - 12:06
4 - 3% - 0% - 1:10
PP Forward
1 - 44% - 50% - 5:15
2 - 56% - 50% - 6:39
PP Defense
1 - 60% - 60% - 7:07
2 - 40% - 40% - 4:47
PK Forward
1 - 81% - 60% - 2:58
2 - 19% - 40% - 0:43
PK Defense
1 - 57% - 60% - 2:07
2 - 43% - 40% - 1:34
PK3 Forward
1 - 0% - 60%
2 - 0% - 40%
PK3 Defense
1 - 0% - 60%
2 - 0% - 40%
44 Forward
1 - 69% - 60% - 0:11
2 - 31% - 40% - 0:05
44 Defense
1 - 100% - 60% - 0:16
2 - 0% - 40% - 0:00
Last Minute Offensive - 0:00
Last Minute Defensive - 0:00
Total
Forward - 60:46
Defense - 60:46
|
% Time on Ice - Philadelphia Flyers
Lines # - Real PCT - Wanted PCT - Time Play
Normal Forward
1 - 24% - 25% - 10:56
2 - 24% - 25% - 10:43
3 - 28% - 25% - 12:48
4 - 23% - 25% - 10:28
Normal Defense
1 - 35% - 35% - 15:32
2 - 34% - 35% - 15:17
3 - 31% - 30% - 13:53
4 - 0% - 0% - 0:13
PP Forward
1 - 48% - 50% - 1:46
2 - 52% - 50% - 1:55
PP Defense
1 - 36% - 50% - 1:19
2 - 64% - 50% - 2:22
PK Forward
1 - 46% - 50% - 5:07
2 - 54% - 50% - 5:55
PK Defense
1 - 45% - 50% - 4:59
2 - 55% - 50% - 6:03
PK3 Forward
1 - 15% - 50% - 0:10
2 - 85% - 50% - 0:58
PK3 Defense
1 - 62% - 50% - 0:42
2 - 38% - 50% - 0:26
44 Forward
1 - 0% - 50%
2 - 0% - 50%
44 Defense
1 - 0% - 50%
2 - 0% - 50%
Last Minute Offensive - 0:00
Last Minute Defensive - 0:00
Total
Forward - 60:46
Defense - 60:46
|
Play-by-Play
1st period
0:01 of 1st period - Colton Sissons wins face-off versus Nazem Kadri in neutral zone.
0:27 of 1st period - Brandon Duhaime is hit by Mason Marchment and loses puck.
1:18 of 1st period - Slapshot by Juuso Parssinen.
1:18 of 1st period - Deflect By Miles Wood.
1:18 of 1st period - Shot Blocked by Morgan Rielly.
1:18 of 1st period - Puck is out of play.
1:19 of 1st period - Radek Faksa wins face-off versus Nazem Kadri in Anaheim Ducks zone.
1:28 of 1st period - Wrist shot by Nazem Kadri.
1:28 of 1st period - Goal by Nazem Kadri - Anaheim Ducks : 1 - Philadelphia Flyers : 0.
1:29 of 1st period - Cody Glass wins face-off versus Mark Scheifele in neutral zone.
2:27 of 1st period - Snap shot by Jack McBain.
2:27 of 1st period - Shot Blocked by Will Cuylle.
2:43 of 1st period - Snap shot by Jonny Brodzinski.
2:43 of 1st period - Shot Blocked by Will Borgen.
3:28 of 1st period - Wrist shot by John Tavares.
3:28 of 1st period - Deflect By William Nylander.
3:28 of 1st period - Shot Misses the Net.
3:28 of 1st period - Puck is out of play.
3:29 of 1st period - Luca Del Bel Belluz wins face-off versus Mark Scheifele in Philadelphia Flyers zone.
3:42 of 1st period - Wrist shot by Mark Scheifele.
3:42 of 1st period - Stopped by Jake Allen with a rebound.
3:44 of 1st period - Snap shot by Mark Scheifele.
3:44 of 1st period - Deflect By Mason Marchment.
3:44 of 1st period - Shot Misses the Net.
3:44 of 1st period - Puck is out of play.
3:45 of 1st period - Nazem Kadri wins face-off versus Colton Sissons in Philadelphia Flyers zone.
3:50 of 1st period - Wrist shot by John Tavares.
3:50 of 1st period - Shot Blocked by Nick Blankenburg.
3:54 of 1st period - Wrist shot by William Nylander.
3:54 of 1st period - Shot Misses the Net.
3:56 of 1st period - Slapshot by Philip Broberg.
3:56 of 1st period - Shot Misses the Net.
3:58 of 1st period - Slapshot by Nazem Kadri.
3:58 of 1st period - Stopped by Jake Allen with a rebound.
4:00 of 1st period - Slapshot by Philip Broberg.
4:00 of 1st period - Shot Misses the Net.
4:02 of 1st period - Snap shot by William Nylander.
4:02 of 1st period - Deflect By John Tavares.
4:02 of 1st period - Stopped by Jake Allen without a rebound.
4:03 of 1st period - Cody Glass wins face-off versus Chandler Stephenson in Philadelphia Flyers zone.
4:03 of 1st period - Cody Glass is hit by Alex Killorn.
6:05 of 1st period - Icing by Jack McBain.
6:06 of 1st period - Nazem Kadri wins face-off versus Colton Sissons in Philadelphia Flyers zone.
6:17 of 1st period - Wrist shot by Nazem Kadri.
6:17 of 1st period - Stopped by Jake Allen with a rebound.
6:33 of 1st period - Zac Jones is hit by Brayden Schenn and loses puck.
7:04 of 1st period - Cody Glass is hit by Esa Lindell and loses puck.
7:23 of 1st period - Louis Crevier is hit by Alex Killorn and loses puck.
7:32 of 1st period - Wrist shot by Alex Killorn.
7:32 of 1st period - Stopped by Jake Allen with a rebound.
7:34 of 1st period - Snap shot by Chandler Stephenson.
7:34 of 1st period - Stopped by Jake Allen with a rebound.
7:54 of 1st period - Esa Lindell is hit by Thomas Novak and loses puck.
8:13 of 1st period - Snap shot by Chandler Stephenson.
8:13 of 1st period - Stopped by Jake Allen without a rebound.
8:14 of 1st period - Nazem Kadri wins face-off versus Luca Del Bel Belluz in Philadelphia Flyers zone.
8:22 of 1st period - Minor Penalty to Nick Blankenburg for Hooking.
8:23 of 1st period - Radek Faksa wins face-off versus Mark Scheifele in Philadelphia Flyers zone.
8:31 of 1st period - Wrist shot by Mark Scheifele.
8:31 of 1st period - Shot Misses the Net.
8:33 of 1st period - Snap shot by Mark Scheifele.
8:33 of 1st period - Shot Misses the Net.
8:35 of 1st period - Wrist shot by William Nylander.
8:35 of 1st period - Stopped by Jake Allen with a rebound.
8:37 of 1st period - Slapshot by John Tavares.
8:37 of 1st period - Stopped by Jake Allen with a rebound.
8:39 of 1st period - Slapshot by Esa Lindell.
8:39 of 1st period - Stopped by Jake Allen without a rebound.
8:40 of 1st period - Colton Sissons wins face-off versus Nazem Kadri in Philadelphia Flyers zone.
8:44 of 1st period - Off-side.
8:45 of 1st period - Colton Sissons wins face-off versus Nazem Kadri in neutral zone.
9:10 of 1st period - Brandon Duhaime is hit by Mason Marchment.
9:36 of 1st period - Zac Jones is hit by Nazem Kadri and loses puck.
10:07 of 1st period - Snap shot by William Nylander.
10:07 of 1st period - Shot Blocked by Jack McBain.
10:22 of 1st period - Penalty to Nick Blankenburg is over, Nick Blankenburg is back on ice.
11:26 of 1st period - Off-side.
11:27 of 1st period - Nazem Kadri wins face-off versus Cody Glass in neutral zone.
11:49 of 1st period - Casey Cizikas is hit by Parker Kelly and loses puck.
12:12 of 1st period - Slapshot by Miles Wood.
12:12 of 1st period - Shot Misses the Net.
12:14 of 1st period - Snap shot by Radek Faksa.
12:14 of 1st period - Shot Blocked by Philip Broberg.
12:16 of 1st period - Snap shot by Joel Edmundson.
12:16 of 1st period - Stopped by Linus Ullmark without a rebound.
12:17 of 1st period - Cody Glass wins face-off versus Mark Scheifele in Anaheim Ducks zone.
12:22 of 1st period - Wrist shot by Jeff Skinner.
12:22 of 1st period - Deflect By Morgan Rielly.
12:22 of 1st period - Stopped by Linus Ullmark without a rebound.
12:23 of 1st period - Mark Scheifele wins face-off versus Brandon Duhaime in Anaheim Ducks zone.
12:28 of 1st period - Snap shot by Mason Marchment.
12:28 of 1st period - Shot Misses the Net.
12:51 of 1st period - Morgan Rielly is hit by Nick Blankenburg and loses puck.
13:32 of 1st period - Wrist shot by Jonny Brodzinski.
13:32 of 1st period - Shot Misses the Net.
14:22 of 1st period - Wrist shot by Miles Wood.
14:22 of 1st period - Shot Misses the Net.
14:24 of 1st period - Snap shot by Juuso Parssinen.
14:24 of 1st period - Shot Misses the Net.
14:34 of 1st period - Snap shot by Jack McBain.
14:34 of 1st period - Shot Blocked by Parker Kelly.
15:00 of 1st period - Wrist shot by Mark Scheifele.
15:00 of 1st period - Stopped by Jake Allen with a rebound.
15:02 of 1st period - Slapshot by Morgan Rielly.
15:02 of 1st period - Stopped by Jake Allen with a rebound.
15:04 of 1st period - Snap shot by Mason Marchment.
15:04 of 1st period - Shot Blocked by Marcus Johansson.
15:40 of 1st period - Will Borgen is hit by Chandler Stephenson and loses puck.
15:47 of 1st period - Snap shot by Alex Killorn.
15:47 of 1st period - Deflect By Chandler Stephenson.
15:47 of 1st period - Stopped by Jake Allen with a rebound.
15:49 of 1st period - Wrist shot by Chandler Stephenson.
15:49 of 1st period - Stopped by Jake Allen without a rebound.
15:50 of 1st period - Radek Faksa wins face-off versus Nazem Kadri in Philadelphia Flyers zone.
15:57 of 1st period - Snap shot by Juuso Parssinen.
15:57 of 1st period - Shot Blocked by William Nylander.
15:59 of 1st period - Snap shot by Miles Wood.
15:59 of 1st period - Shot Blocked by Philip Broberg.
16:01 of 1st period - Slapshot by Joel Edmundson.
16:01 of 1st period - Shot Hit the Post.
16:03 of 1st period - Slapshot by Miles Wood.
16:03 of 1st period - Shot Blocked by Philip Broberg.
16:05 of 1st period - Backhand shot by Nick Blankenburg.
16:05 of 1st period - Stopped by Linus Ullmark with a rebound.
16:39 of 1st period - Slapshot by Mason Marchment.
16:39 of 1st period - Shot Misses the Net.
16:44 of 1st period - Off-side.
16:45 of 1st period - Mark Scheifele wins face-off versus Radek Faksa in neutral zone.
17:00 of 1st period - Snap shot by Mark Scheifele.
17:00 of 1st period - Shot Misses the Net.
17:25 of 1st period - Minor Penalty to Brandon Duhaime for Hooking.
17:26 of 1st period - Colton Sissons wins face-off versus William Nylander in Philadelphia Flyers zone.
17:41 of 1st period - Backhand shot by Mark Scheifele.
17:41 of 1st period - Stopped by Jake Allen without a rebound.
17:42 of 1st period - Nazem Kadri wins face-off versus Radek Faksa in Philadelphia Flyers zone.
18:33 of 1st period - Snap shot by William Nylander.
18:33 of 1st period - Stopped by Jake Allen without a rebound.
18:34 of 1st period - Nazem Kadri wins face-off versus Radek Faksa in Philadelphia Flyers zone.
19:25 of 1st period - Penalty to Brandon Duhaime is over, Brandon Duhaime is back on ice.
19:30 of 1st period - Colton Sissons is hit by Joshua Morrissey and loses puck.
19:51 of 1st period - Icing by Luca Del Bel Belluz.
19:52 of 1st period - Luca Del Bel Belluz wins face-off versus J.T. Compher in Philadelphia Flyers zone.
Goals for this period are 1 for Anaheim Ducks vs 0 for Philadelphia Flyers.
Shots for this period are 17 for Anaheim Ducks vs 3 for Philadelphia Flyers.
2nd period
0:01 of 2nd period - Juuso Parssinen wins face-off versus Mark Scheifele in neutral zone.
0:06 of 2nd period - Snap shot by Juuso Parssinen.
0:06 of 2nd period - Shot Misses the Net.
0:26 of 2nd period - Nazem Kadri is hit by Casey Cizikas and loses puck.
0:37 of 2nd period - Slapshot by William Nylander.
0:37 of 2nd period - Stopped by Jake Allen with a rebound.
0:54 of 2nd period - Wrist shot by Jeff Skinner.
0:54 of 2nd period - Stopped by Linus Ullmark without a rebound.
0:55 of 2nd period - Mark Scheifele wins face-off versus Radek Faksa in Anaheim Ducks zone.
1:45 of 2nd period - Parker Kelly is hit by Casey Cizikas and loses puck.
1:58 of 2nd period - Wrist shot by Jonny Brodzinski.
1:58 of 2nd period - Shot Misses the Net.
2:22 of 2nd period - Slapshot by Miles Wood.
2:22 of 2nd period - Stopped by Linus Ullmark without a rebound.
2:23 of 2nd period - Mark Scheifele wins face-off versus Miles Wood in Anaheim Ducks zone.
2:23 of 2nd period - Mark Scheifele is hit by Radek Faksa.
3:14 of 2nd period - Wrist shot by Jeff Skinner.
3:14 of 2nd period - Shot Misses the Net.
3:16 of 2nd period - Wrist shot by Casey Cizikas.
3:16 of 2nd period - Stopped by Linus Ullmark without a rebound.
3:17 of 2nd period - Mark Scheifele wins face-off versus Luca Del Bel Belluz in Anaheim Ducks zone.
3:17 of 2nd period - Mark Scheifele is hit by Joel Edmundson.
3:50 of 2nd period - Brandon Duhaime is hit by Nazem Kadri and loses puck.
4:11 of 2nd period - Joshua Morrissey is hit by Juuso Parssinen and loses puck.
4:21 of 2nd period - Wrist shot by Miles Wood.
4:21 of 2nd period - Stopped by Linus Ullmark with a rebound.
4:31 of 2nd period - Slapshot by Joshua Morrissey.
4:31 of 2nd period - Stopped by Jake Allen without a rebound.
4:32 of 2nd period - Colton Sissons wins face-off versus Chandler Stephenson in Philadelphia Flyers zone.
5:06 of 2nd period - Icing by Zac Jones.
5:07 of 2nd period - Brayden Schenn wins face-off versus Cody Glass in Philadelphia Flyers zone.
5:10 of 2nd period - Wrist shot by Mark Scheifele.
5:10 of 2nd period - Deflect By Mason Marchment.
5:10 of 2nd period - Shot Hit the Post.
5:10 of 2nd period - Puck is out of play.
5:11 of 2nd period - Luca Del Bel Belluz wins face-off versus Mark Scheifele in Philadelphia Flyers zone.
5:20 of 2nd period - Brenden Dillon is hit by Casey Cizikas and loses puck.
5:41 of 2nd period - Wrist shot by William Nylander.
5:41 of 2nd period - Shot Blocked by Joel Edmundson.
5:43 of 2nd period - Minor Penalty to Miles Wood for Tripping.
5:44 of 2nd period - Radek Faksa wins face-off versus Nazem Kadri in Philadelphia Flyers zone.
5:44 of 2nd period - Radek Faksa is hit by Morgan Rielly.
6:00 of 2nd period - Snap shot by Mason Marchment.
6:00 of 2nd period - Stopped by Jake Allen without a rebound.
6:01 of 2nd period - Mark Scheifele wins face-off versus Radek Faksa in Philadelphia Flyers zone.
6:28 of 2nd period - Mason Marchment is hit by Brandon Duhaime and loses puck.
7:43 of 2nd period - Penalty to Miles Wood is over, Miles Wood is back on ice.
7:51 of 2nd period - Slapshot by Alex Killorn.
7:51 of 2nd period - Shot Blocked by Juuso Parssinen.
8:01 of 2nd period - Slapshot by Chandler Stephenson.
8:01 of 2nd period - Stopped by Jake Allen with a rebound.
8:13 of 2nd period - Wrist shot by Jack McBain.
8:13 of 2nd period - Shot Misses the Net.
8:15 of 2nd period - Slapshot by Luca Del Bel Belluz.
8:15 of 2nd period - Stopped by Linus Ullmark with a rebound.
10:04 of 2nd period - Miles Wood is hit by Joshua Morrissey and loses puck.
11:41 of 2nd period - Backhand shot by Brandon Duhaime.
11:41 of 2nd period - Shot Misses the Net.
11:43 of 2nd period - Slapshot by Will Borgen.
11:43 of 2nd period - Stopped by Linus Ullmark without a rebound.
11:44 of 2nd period - Nazem Kadri wins face-off versus Luca Del Bel Belluz in Anaheim Ducks zone.
12:21 of 2nd period - Mark Scheifele is hit by Cody Glass and loses puck.
12:37 of 2nd period - Slapshot by Miles Wood.
12:37 of 2nd period - Stopped by Linus Ullmark with a rebound.
12:39 of 2nd period - Slapshot by Joel Edmundson.
12:39 of 2nd period - Shot Misses the Net.
12:41 of 2nd period - Wrist shot by Miles Wood.
12:41 of 2nd period - Deflect By Juuso Parssinen.
12:41 of 2nd period - Shot Misses the Net.
12:41 of 2nd period - Puck is out of play.
12:42 of 2nd period - Nazem Kadri wins face-off versus Colton Sissons in Anaheim Ducks zone.
12:47 of 2nd period - Thomas Novak is hit by Nazem Kadri and loses puck.
13:35 of 2nd period - J.J. Moser is hit by Alex Killorn.
13:47 of 2nd period - Snap shot by Marcus Johansson.
13:47 of 2nd period - Shot Misses the Net.
13:49 of 2nd period - Slapshot by Zac Jones.
13:49 of 2nd period - Shot Blocked by Esa Lindell.
13:51 of 2nd period - Wrist shot by Thomas Novak.
13:51 of 2nd period - Shot Blocked by Chandler Stephenson.
13:53 of 2nd period - Wrist shot by Colton Sissons.
13:53 of 2nd period - Shot Blocked by Will Cuylle.
13:55 of 2nd period - Slapshot by Zac Jones.
13:55 of 2nd period - Shot Misses the Net.
13:57 of 2nd period - Snap shot by Thomas Novak.
13:57 of 2nd period - Deflect By Marcus Johansson.
13:57 of 2nd period - Shot Blocked by Alex Killorn.
13:57 of 2nd period - Puck is out of play.
13:58 of 2nd period - Nazem Kadri wins face-off versus Radek Faksa in Anaheim Ducks zone.
14:00 of 2nd period - Minor Penalty to Nazem Kadri for Tripping.
14:01 of 2nd period - Chandler Stephenson wins face-off versus Jeff Skinner in Anaheim Ducks zone.
14:32 of 2nd period - Icing by Thomas Novak.
14:33 of 2nd period - Brayden Schenn wins face-off versus Cody Glass in Philadelphia Flyers zone.
14:44 of 2nd period - Brayden Schenn is hit by Cody Glass and loses puck.
15:58 of 2nd period - Esa Lindell is hit by Zac Jones and loses puck.
16:00 of 2nd period - Penalty to Nazem Kadri is over, Nazem Kadri is back on ice.
16:22 of 2nd period - Ivan Provorov is hit by Will Borgen and loses puck.
16:49 of 2nd period - Snap shot by John Tavares.
16:49 of 2nd period - Deflect By Nazem Kadri.
16:49 of 2nd period - Stopped by Jake Allen with a rebound.
16:51 of 2nd period - Snap shot by William Nylander.
16:51 of 2nd period - Stopped by Jake Allen with a rebound.
17:43 of 2nd period - Colton Sissons is hit by Brenden Dillon and loses puck.
18:01 of 2nd period - Mark Scheifele is hit by Joel Edmundson and loses puck.
18:12 of 2nd period - J.J. Moser is hit by Joshua Morrissey.
18:40 of 2nd period - Will Borgen is hit by Brenden Dillon and loses puck.
18:51 of 2nd period - Nazem Kadri is hit by Louis Crevier and loses puck.
19:14 of 2nd period - Zac Jones is hit by Alex Killorn and loses puck.
19:23 of 2nd period - Snap shot by Chandler Stephenson.
19:23 of 2nd period - Deflect By Alex Killorn.
19:23 of 2nd period - Shot Blocked by J.J. Moser.
19:23 of 2nd period - Puck is out of play.
19:24 of 2nd period - Mark Scheifele wins face-off versus Colton Sissons in Philadelphia Flyers zone.
19:25 of 2nd period - Snap shot by Mason Marchment.
19:25 of 2nd period - Goal by Mason Marchment - Anaheim Ducks : 2 - Philadelphia Flyers : 0.
19:26 of 2nd period - Mark Scheifele wins face-off versus Radek Faksa in neutral zone.
19:29 of 2nd period - Snap shot by Ivan Provorov.
19:29 of 2nd period - Shot Blocked by Radek Faksa.
19:51 of 2nd period - Luca Del Bel Belluz is hit by John Tavares and loses puck.
Goals for this period are 1 for Anaheim Ducks vs 0 for Philadelphia Flyers.
Shots for this period are 7 for Anaheim Ducks vs 7 for Philadelphia Flyers.
3rd period
0:01 of 3rd period - Mark Scheifele wins face-off versus Radek Faksa in neutral zone.
0:08 of 3rd period - Slapshot by Mark Scheifele.
0:08 of 3rd period - Stopped by Jake Allen with a rebound.
0:10 of 3rd period - Slapshot by Morgan Rielly.
0:10 of 3rd period - Stopped by Jake Allen with a rebound.
0:12 of 3rd period - Snap shot by Mason Marchment.
0:12 of 3rd period - Stopped by Jake Allen without a rebound.
0:13 of 3rd period - Nazem Kadri wins face-off versus Cody Glass in Philadelphia Flyers zone.
0:22 of 3rd period - Snap shot by Jeff Skinner.
0:22 of 3rd period - Stopped by Linus Ullmark without a rebound.
0:23 of 3rd period - Cody Glass wins face-off versus Nazem Kadri in Anaheim Ducks zone.
0:24 of 3rd period - Snap shot by Jeff Skinner.
0:24 of 3rd period - Stopped by Linus Ullmark with a rebound.
0:26 of 3rd period - Snap shot by Will Borgen.
0:26 of 3rd period - Deflect By Cody Glass.
0:26 of 3rd period - Stopped by Linus Ullmark with a rebound.
0:28 of 3rd period - Wrist shot by Cody Glass.
0:28 of 3rd period - Shot Misses the Net.
0:30 of 3rd period - Slapshot by Louis Crevier.
0:30 of 3rd period - Stopped by Linus Ullmark without a rebound.
0:31 of 3rd period - Luca Del Bel Belluz wins face-off versus Mark Scheifele in Anaheim Ducks zone.
0:39 of 3rd period - Icing by Mark Scheifele.
0:40 of 3rd period - Mark Scheifele wins face-off versus Luca Del Bel Belluz in Anaheim Ducks zone.
0:40 of 3rd period - Mark Scheifele is hit by Jack McBain.
0:55 of 3rd period - Minor Penalty to Jack McBain for Interference.
0:56 of 3rd period - Radek Faksa wins face-off versus Mark Scheifele in Philadelphia Flyers zone.
1:12 of 3rd period - Snap shot by Radek Faksa.
1:12 of 3rd period - Deflect By Colton Sissons.
1:12 of 3rd period - Stopped by Linus Ullmark without a rebound.
1:13 of 3rd period - Radek Faksa wins face-off versus Nazem Kadri in Anaheim Ducks zone.
1:40 of 3rd period - Snap shot by Mark Scheifele.
1:40 of 3rd period - Stopped by Jake Allen with a rebound.
2:33 of 3rd period - Snap shot by Miles Wood.
2:33 of 3rd period - Stopped by Linus Ullmark without a rebound.
2:34 of 3rd period - Casey Cizikas wins face-off versus Nazem Kadri in Anaheim Ducks zone.
2:37 of 3rd period - Slapshot by Miles Wood.
2:37 of 3rd period - Shot Misses the Net.
2:55 of 3rd period - Penalty to Jack McBain is over, Jack McBain is back on ice.
3:19 of 3rd period - Minor Penalty to Will Cuylle for High sticking.
3:20 of 3rd period - Cody Glass wins face-off versus Chandler Stephenson in Anaheim Ducks zone.
3:29 of 3rd period - Snap shot by Jeff Skinner.
3:29 of 3rd period - Stopped by Linus Ullmark with a rebound.
3:31 of 3rd period - Slapshot by Jeff Skinner.
3:31 of 3rd period - Stopped by Linus Ullmark without a rebound.
3:32 of 3rd period - Chandler Stephenson wins face-off versus Luca Del Bel Belluz in Anaheim Ducks zone.
3:41 of 3rd period - Slapshot by Marcus Johansson.
3:41 of 3rd period - Shot Blocked by Chandler Stephenson.
3:43 of 3rd period - Slapshot by Louis Crevier.
3:43 of 3rd period - Stopped by Linus Ullmark without a rebound.
3:44 of 3rd period - Cody Glass wins face-off versus Chandler Stephenson in Anaheim Ducks zone.
4:09 of 3rd period - J.T. Compher is hit by Luca Del Bel Belluz.
4:24 of 3rd period - Slapshot by Colton Sissons.
4:24 of 3rd period - Shot Misses the Net.
4:31 of 3rd period - Icing by Jeff Skinner.
4:32 of 3rd period - Jeff Skinner wins face-off versus Chandler Stephenson in Philadelphia Flyers zone.
4:37 of 3rd period - Snap shot by Colton Sissons.
4:37 of 3rd period - Shot Blocked by Esa Lindell.
4:51 of 3rd period - Snap shot by Luca Del Bel Belluz.
4:51 of 3rd period - Shot Blocked by Ivan Provorov.
5:01 of 3rd period - Wrist shot by Thomas Novak.
5:01 of 3rd period - Goal by Thomas Novak - Anaheim Ducks : 2 - Philadelphia Flyers : 1.
5:02 of 3rd period - John Tavares wins face-off versus Radek Faksa in neutral zone.
5:16 of 3rd period - Slapshot by Miles Wood.
5:16 of 3rd period - Shot Misses the Net.
5:18 of 3rd period - Wrist shot by Miles Wood.
5:18 of 3rd period - Deflect By Radek Faksa.
5:18 of 3rd period - Stopped by Linus Ullmark without a rebound.
5:19 of 3rd period - Jack McBain wins face-off versus Mark Scheifele in Anaheim Ducks zone.
5:22 of 3rd period - Snap shot by Jack McBain.
5:22 of 3rd period - Deflect By Luca Del Bel Belluz.
5:22 of 3rd period - Shot Misses the Net.
5:22 of 3rd period - Puck is out of play.
5:23 of 3rd period - Casey Cizikas wins face-off versus Mark Scheifele in Anaheim Ducks zone.
5:30 of 3rd period - Snap shot by Jack McBain.
5:30 of 3rd period - Shot Blocked by Morgan Rielly.
5:32 of 3rd period - Snap shot by Luca Del Bel Belluz.
5:32 of 3rd period - Shot Blocked by Mark Scheifele.
5:34 of 3rd period - Snap shot by Joel Edmundson.
5:34 of 3rd period - Deflect By Mark Scheifele.
5:34 of 3rd period - Stopped by Linus Ullmark with a rebound.
5:36 of 3rd period - Snap shot by Luca Del Bel Belluz.
5:36 of 3rd period - Goal by Luca Del Bel Belluz - Anaheim Ducks : 2 - Philadelphia Flyers : 2.
5:37 of 3rd period - Radek Faksa wins face-off versus Nazem Kadri in neutral zone.
5:40 of 3rd period - Slapshot by Louis Crevier.
5:40 of 3rd period - Stopped by Linus Ullmark without a rebound.
5:41 of 3rd period - William Nylander wins face-off versus Radek Faksa in Anaheim Ducks zone.
5:48 of 3rd period - Backhand shot by William Nylander.
5:48 of 3rd period - Shot Blocked by Juuso Parssinen.
5:55 of 3rd period - Off-side.
5:56 of 3rd period - Mark Scheifele wins face-off versus Cody Glass in neutral zone.
5:59 of 3rd period - Slapshot by Morgan Rielly.
5:59 of 3rd period - Stopped by Jake Allen with a rebound.
6:21 of 3rd period - Ivan Provorov is hit by Luca Del Bel Belluz and loses puck.
6:27 of 3rd period - Off-side.
6:28 of 3rd period - Luca Del Bel Belluz wins face-off versus Nazem Kadri in neutral zone.
7:19 of 3rd period - Snap shot by Nazem Kadri.
7:19 of 3rd period - Shot Blocked by Louis Crevier.
8:33 of 3rd period - Slapshot by Nazem Kadri.
8:33 of 3rd period - Shot Misses the Net.
8:51 of 3rd period - Wrist shot by Nazem Kadri.
8:51 of 3rd period - Shot Misses the Net.
9:05 of 3rd period - Slapshot by William Nylander.
9:05 of 3rd period - Stopped by Jake Allen without a rebound.
9:06 of 3rd period - Radek Faksa wins face-off versus Mark Scheifele in Philadelphia Flyers zone.
9:06 of 3rd period - Radek Faksa is hit by Ivan Provorov.
9:32 of 3rd period - Brayden Schenn is hit by Colton Sissons and loses puck.
10:02 of 3rd period - Snap shot by Chandler Stephenson.
10:02 of 3rd period - Stopped by Jake Allen with a rebound.
10:04 of 3rd period - Slapshot by Ivan Provorov.
10:04 of 3rd period - Deflect By Brandon Duhaime.
10:04 of 3rd period - Stopped by Jake Allen with a rebound.
10:06 of 3rd period - Wrist shot by Will Cuylle.
10:06 of 3rd period - Shot Blocked by J.J. Moser.
10:08 of 3rd period - Wrist shot by Alex Killorn.
10:08 of 3rd period - Stopped by Jake Allen without a rebound.
10:09 of 3rd period - J.T. Compher wins face-off versus Radek Faksa in Philadelphia Flyers zone.
10:15 of 3rd period - Minor Penalty to Miles Wood for Tripping.
10:16 of 3rd period - Mark Scheifele wins face-off versus Colton Sissons in Philadelphia Flyers zone.
11:06 of 3rd period - Wrist shot by Juuso Parssinen.
11:06 of 3rd period - Shot Blocked by Alex Killorn.
12:10 of 3rd period - Jeff Skinner is hit by Mark Scheifele and loses puck.
12:15 of 3rd period - Penalty to Miles Wood is over, Miles Wood is back on ice.
12:21 of 3rd period - Zac Jones is hit by Chandler Stephenson and loses puck.
13:16 of 3rd period - Esa Lindell is hit by Jack McBain and loses puck.
13:41 of 3rd period - Brayden Schenn is hit by Jeff Skinner and loses puck.
14:23 of 3rd period - Jonny Brodzinski is hit by Marcus Johansson and loses puck.
15:22 of 3rd period - Morgan Rielly is hit by Thomas Novak and loses puck.
16:14 of 3rd period - Alex Killorn is hit by Colton Sissons and loses puck.
16:25 of 3rd period - Mark Scheifele is hit by Will Borgen and loses puck.
16:44 of 3rd period - Philip Broberg is hit by Marcus Johansson.
16:59 of 3rd period - Nazem Kadri is hit by Casey Cizikas.
17:15 of 3rd period - William Nylander is hit by Miles Wood and loses puck.
17:30 of 3rd period - Nick Blankenburg is hit by Ivan Provorov and loses puck.
17:41 of 3rd period - Nick Blankenburg is hit by Brayden Schenn and loses puck.
18:30 of 3rd period - Minor Penalty to Radek Faksa for Interference.
18:31 of 3rd period - Jack McBain wins face-off versus Nazem Kadri in Philadelphia Flyers zone.
18:41 of 3rd period - Colton Sissons is hit by Brayden Schenn and loses puck.
18:52 of 3rd period - Jack McBain is hit by Mark Scheifele and loses puck.
19:37 of 3rd period - Minor Penalty to Casey Cizikas for Roughing.
19:38 of 3rd period - Brayden Schenn wins face-off versus Colton Sissons in Philadelphia Flyers zone.
Goals for this period are 0 for Anaheim Ducks vs 2 for Philadelphia Flyers.
Shots for this period are 9 for Anaheim Ducks vs 14 for Philadelphia Flyers.
Overtime #1
0:01 of 1st overtime period - John Tavares wins face-off versus Colton Sissons in neutral zone.
0:30 of 1st overtime period - Penalty to Radek Faksa is over, Radek Faksa is back on ice.
0:32 of 1st overtime period - Icing by Nazem Kadri.
0:33 of 1st overtime period - Radek Faksa wins face-off versus Nazem Kadri in Anaheim Ducks zone.
0:34 of 1st overtime period - Slapshot by Nick Blankenburg.
0:34 of 1st overtime period - Deflect By Radek Faksa.
0:34 of 1st overtime period - Shot Misses the Net.
0:34 of 1st overtime period - Puck is out of play.
0:35 of 1st overtime period - Radek Faksa wins face-off versus John Tavares in Anaheim Ducks zone.
0:40 of 1st overtime period - Wrist shot by Radek Faksa.
0:40 of 1st overtime period - Stopped by Linus Ullmark without a rebound.
0:41 of 1st overtime period - John Tavares wins face-off versus Radek Faksa in Anaheim Ducks zone.
0:46 of 1st overtime period - Backhand shot by Joshua Morrissey.
0:46 of 1st overtime period - Goal by Joshua Morrissey - Anaheim Ducks : 3 - Philadelphia Flyers : 2.
Goals for this period are 1 for Anaheim Ducks vs 0 for Philadelphia Flyers.
Shots for this period are 1 for Anaheim Ducks vs 1 for Philadelphia Flyers.
Back to the Top